MAA
NORTONVILLE CHEROKEES @ VIRGINIA BEACH DEUCES
08/05/2017
 
TOP OF THE 1ST
Nortonville Cherokees batting - Pitching for St. Petersburg Universe : LHP Tim Holmes
Pitching: LHP Tim Holmes
Batting: SHB Chris Cordell 0-0: Ball
1-0: Ball
2-0: Foul Ball, location: 2F
2-1: Ball
3-1: Base on Balls
Batting: RHB Ernest Lee 0-0: Called Strike
0-1: Called Strike
0-2: Strikes out swinging
Batting: RHB Matt Nelson 0-0: Called Strike
0-1: Ground out 3-1 (Groundball, 34)
Chris Cordell to second
Batting: RHB Jeff Bass 0-0: Foul Ball, location: 2F
0-1: Foul Ball, location: 2F
0-2: Ball
1-2: SINGLE (Line Drive, 4D)
Chris Cordell to third
Batting: LHB Jim Unknown 0-0: Ball
1-0: Fielders Choice at 2nd, U6 (Groundball, 6M)
Top of the 1st over - 0 run(s), 1 hit(s), 0 error(s), 2 left on base; Nortonville 0 - St. Petersburg 0
BOTTOM OF THE 1ST
St. Petersburg Universe batting - Pitching for Nortonville Cherokees : RHP Jim Mitford
Pitching: RHP Jim Mitford
Batting: RHB Terry Gilmore 0-0: Foul Ball, location: 2F
0-1: Ball
1-1: Foul Ball, location: 2F
1-2: Strikes out looking
Batting: LHB Michael Smith 0-0: Called Strike
0-1: Ball
1-1: Called Strike
1-2: Strikes out swinging
Batting: RHB Denis Taylor 0-0: Ball
1-0: Foul Ball, location: 2F
1-1: Called Strike
1-2: Ball
2-2: Ball
3-2: Foul Ball, location: 2F
3-2: Base on Balls
Batting: LHB Juan Durán 0-0: Ball
1-0: Fly out, F3 (Popup, 3S)
Bottom of the 1st over - 0 run(s), 0 hit(s), 0 error(s), 1 left on base; Nortonville 0 - St. Petersburg 0
TOP OF THE 2ND
Nortonville Cherokees batting - Pitching for St. Petersburg Universe : LHP Tim Holmes
Batting: RHB Joel Lee 0-0: Ball
1-0: Foul Ball, location: 2F
1-1: Ball
2-1: Fly out, F7 (Flyball, 7M)
Batting: RHB Lane Hancock 0-0: Foul Ball, location: 2F
0-1: Foul Ball, location: 2F
0-2: Ball
1-2: Foul Ball, location: 2F
1-2: Strikes out looking
Batting: RHB Leonard James 0-0: Called Strike
0-1: Swinging Strike
0-2: Strikes out swinging
Top of the 2nd over - 0 run(s), 0 hit(s), 0 error(s), 0 left on base; Nortonville 0 - St. Petersburg 0
BOTTOM OF THE 2ND
St. Petersburg Universe batting - Pitching for Nortonville Cherokees : RHP Jim Mitford
Batting: RHB Teddy Pelham 0-0: Ball
1-0: Fly out, F4 (Popup, 4)
Batting: RHB Marvin Collier 0-0: Swinging Strike
0-1: Swinging Strike
0-2: Ball
1-2: Ball
2-2: SINGLE (Flyball, 89S)
Batting: RHB Carlos Santos 0-0: Ball
1-0: Fly out, F8 (Flyball, 8RM)
Batting: SHB Arturo Robles 0-0: Foul Ball, location: 2F
0-1: DOUBLE (Line Drive, 8LM)
Marvin Collier to third
Runner from 3rd tries for Home, SAFE, no throw or cutoff
Batting: RHB Júlio Santos 0-0: Foul Ball, location: 2F
0-1: Ground out 6-3 (Groundball, 6)
Bottom of the 2nd over - 1 run(s), 2 hit(s), 0 error(s), 1 left on base; Nortonville 0 - St. Petersburg 1
TOP OF THE 3RD
Nortonville Cherokees batting - Pitching for St. Petersburg Universe : LHP Tim Holmes
Batting: RHB Chris Oudekirk 0-0: Called Strike
0-1: Ball
1-1: Called Strike
1-2: Strikes out swinging
Batting: SHB Chris Cordell 0-0: Called Strike
0-1: Fly out, F7 (Flyball, 78S)
Batting: RHB Ernest Lee 0-0: SINGLE (Line Drive, 8LS)
Batting: RHB Matt Nelson 0-0: Ball
1-0: Ball
2-0: Fly out, F9 (Flyball, 9LM)
Top of the 3rd over - 0 run(s), 1 hit(s), 0 error(s), 1 left on base; Nortonville 0 - St. Petersburg 1
BOTTOM OF THE 3RD
St. Petersburg Universe batting - Pitching for Nortonville Cherokees : RHP Jim Mitford
Batting: RHB Terry Gilmore 0-0: Ground out 5-3 (Groundball, 56)
Batting: LHB Michael Smith 0-0: Called Strike
0-1: SINGLE (Line Drive, 89S)
Batting: RHB Denis Taylor 0-0: Ball
1-0: Fly out, F8 (Popup, 4MD)
Batting: LHB Juan Durán 0-0: Ball
1-0: Called Strike
1-1: Ball
2-1: Fly out, F7 (Flyball, 7M)
Bottom of the 3rd over - 0 run(s), 1 hit(s), 0 error(s), 1 left on base; Nortonville 0 - St. Petersburg 1
TOP OF THE 4TH
Nortonville Cherokees batting - Pitching for St. Petersburg Universe : LHP Tim Holmes
Batting: RHB Jeff Bass 0-0: Swinging Strike
0-1: Swinging Strike
0-2: Fly out, F2 (Popup, 2RF)
Batting: LHB Jim Unknown 0-0: Ball
1-0: Called Strike
1-1: Fly out, F7 (Flyball, 7LM)
Batting: RHB Joel Lee 0-0: Called Strike
0-1: Fly out, F6 (Popup, 6)
Top of the 4th over - 0 run(s), 0 hit(s), 0 error(s), 0 left on base; Nortonville 0 - St. Petersburg 1
BOTTOM OF THE 4TH
St. Petersburg Universe batting - Pitching for Nortonville Cherokees : RHP Jim Mitford
Batting: RHB Teddy Pelham 0-0: Ball
1-0: Fly out, F9 (Popup, 89S)
Batting: RHB Marvin Collier 0-0: Reached on Error, E4 (Popup, 4MD)
Batting: RHB Carlos Santos 0-0: Ball
Throwing error on steal attempt, E2
Marvin Collier to third
1-0: Ball
2-0: Ground out 6-3 (Groundball, 6)
Marvin Collier scores
Batting: SHB Arturo Robles 0-0: Ball
1-0: Swinging Strike
1-1: Ball
2-1: Foul Ball, location: 2F
2-2: Strikes out looking
Bottom of the 4th over - 1 run(s), 0 hit(s), 2 error(s), 0 left on base; Nortonville 0 - St. Petersburg 2
TOP OF THE 5TH
Nortonville Cherokees batting - Pitching for St. Petersburg Universe : LHP Tim Holmes
Batting: RHB Lane Hancock 0-0: Called Strike
0-1: Swinging Strike
0-2: SINGLE (Groundball, 6)
Batting: RHB Leonard James 0-0: Called Strike
0-1: Ball
1-1: Grounds into double play, 4-6-3 (Groundball, 4)
Batting: RHB Chris Oudekirk 0-0: Ball
1-0: Fly out, F9 (Flyball, 89M)
Top of the 5th over - 0 run(s), 1 hit(s), 0 error(s), 0 left on base; Nortonville 0 - St. Petersburg 2
BOTTOM OF THE 5TH
St. Petersburg Universe batting - Pitching for Nortonville Cherokees : RHP Jim Mitford
Batting: RHB Júlio Santos 0-0: Foul Ball, location: 2F
0-1: Ball
1-1: Swinging Strike
1-2: Ball
2-2: Ball
3-2: Base on Balls
Batting: RHB Terry Gilmore 0-0: Swinging Strike
0-1: Swinging Strike
0-2: Foul Ball, location: 2F
0-2: Strikes out swinging
Batting: LHB Michael Smith 0-0: Called Strike
0-1: Ball
1-1: Foul Ball, location: 2F
1-2: Ball
2-2: Ball
3-2: Base on Balls
Júlio Santos to second
Batting: RHB Denis Taylor 0-0: Ball
1-0: Swinging Strike
1-1: Ball
2-1: Ball
3-1: Fly out, F3 (Line Drive, 3)
Batting: LHB Juan Durán 0-0: Called Strike
0-1: SINGLE (Groundball, 34) (infield hit)
Júlio Santos to third
Michael Smith to second
Batting: RHB Teddy Pelham 0-0: Called Strike
0-1: Fly out, F8 (Flyball, 8LM)
Bottom of the 5th over - 0 run(s), 1 hit(s), 0 error(s), 3 left on base; Nortonville 0 - St. Petersburg 2
TOP OF THE 6TH
Nortonville Cherokees batting - Pitching for St. Petersburg Universe : LHP Tim Holmes
Batting: SHB Chris Cordell 0-0: Called Strike
0-1: Swinging Strike
0-2: Ground out 1-3 (Groundball, 13)
Batting: RHB Ernest Lee 0-0: Called Strike
0-1: DOUBLE (Flyball, 78M)
Batting: RHB Matt Nelson 0-0: Ball
1-0: Called Strike
1-1: Foul Ball, location: 2F
1-2: Foul Ball, location: 2F
1-2: Ground out 4-3 (Groundball, 34)
Ernest Lee to third
Batting: RHB Jeff Bass 0-0: Ball
1-0: Swinging Strike
1-1: Swinging Strike
1-2: Foul Ball, location: 2F
1-2: Ball
2-2: Foul Ball, location: 2F
2-2: Ball
3-2: Base on Balls
Batting: LHB Jim Unknown 0-0: Ball
1-0: Called Strike
1-1: Fly out, F8 (Flyball, 78D)
Top of the 6th over - 0 run(s), 1 hit(s), 0 error(s), 2 left on base; Nortonville 0 - St. Petersburg 2
BOTTOM OF THE 6TH
St. Petersburg Universe batting - Pitching for Nortonville Cherokees : RHP Jim Mitford
Batting: RHB Marvin Collier 0-0: Ball
1-0: Foul Ball, location: 2F
1-1: Called Strike
1-2: Strikes out swinging
Batting: RHB Carlos Santos 0-0: Foul Ball, location: 2F
0-1: Called Strike
0-2: Ball
1-2: Ball
2-2: SINGLE (Groundball, 13) (infield hit)
Batting: SHB Arturo Robles 0-0: Ball
1-0: Ball
2-0: Ball
3-0: Called Strike
3-1: Fielders Choice at 2nd, 6-4 (Groundball, 6)
Batting: RHB Júlio Santos 0-0: Ball
1-0: Ball
2-0: Fly out, F7 (Flyball, 78S)
Bottom of the 6th over - 0 run(s), 1 hit(s), 0 error(s), 1 left on base; Nortonville 0 - St. Petersburg 2
TOP OF THE 7TH
Nortonville Cherokees batting - Pitching for St. Petersburg Universe : LHP Tim Holmes
Batting: RHB Joel Lee 0-0: Called Strike
0-1: Ball
1-1: Ground out 6-3 (Groundball, 6)
Batting: RHB Lane Hancock 0-0: Ball
1-0: Called Strike
1-1: Ball
2-1: SINGLE (Flyball, 7S)
Batting: RHB Leonard James 0-0: Ball
1-0: Swinging Strike
1-1: Swinging Strike
1-2: SINGLE (Line Drive, 5D)
Lane Hancock to second
Batting: RHB Chris Oudekirk 0-0: Ball
1-0: Ball
2-0: Ball
3-0: Called Strike
3-1: Foul Ball, location: 2F
3-2: Base on Balls
Lane Hancock to third
Leonard James to second
Batting: SHB Chris Cordell 0-0: Ball
1-0: Ball
2-0: Swinging Strike
2-1: Grounds into double play, 5-4-3 (Groundball, 5)
Top of the 7th over - 0 run(s), 2 hit(s), 0 error(s), 2 left on base; Nortonville 0 - St. Petersburg 2
BOTTOM OF THE 7TH
St. Petersburg Universe batting - Pitching for Nortonville Cherokees : RHP Jim Mitford
Batting: RHB Terry Gilmore 0-0: Called Strike
0-1: Ball
1-1: Ball
2-1: Swinging Strike
2-2: Strikes out swinging
Batting: LHB Michael Smith 0-0: Called Strike
0-1: Fly out, F8 (Flyball, 8RXD)
Batting: RHB Denis Taylor 0-0: Ball
1-0: Fly out, F8 (Flyball, 8LM)
Bottom of the 7th over - 0 run(s), 0 hit(s), 0 error(s), 0 left on base; Nortonville 0 - St. Petersburg 2
TOP OF THE 8TH
Nortonville Cherokees batting - Pitching for St. Petersburg Universe : LHP Tim Holmes
Batting: RHB Ernest Lee 0-0: Foul Ball, location: 2F
0-1: SINGLE (Line Drive, 4MD)
Pitching: RHP Reynaldo Díaz
Batting: RHB Matt Nelson 0-0: Called Strike
0-1: Ball
1-1: Ball
Wild Pitch!
Ernest Lee to second
2-1: Called Strike
2-2: Strikes out swinging
Batting: RHB Jeff Bass 0-0: Swinging Strike
0-1: Swinging Strike
0-2: Strikes out swinging
Batting: LHB Jim Unknown 0-0: Foul Ball, location: 2F
0-1: Ball
1-1: Ball
2-1: Foul Ball, location: 2F
2-2: Strikes out swinging
Top of the 8th over - 0 run(s), 1 hit(s), 0 error(s), 1 left on base; Nortonville 0 - St. Petersburg 2
BOTTOM OF THE 8TH
St. Petersburg Universe batting - Pitching for Nortonville Cherokees : RHP Jim Mitford
Batting: LHB Juan Durán 0-0: Foul Ball, location: 2F
0-1: Swinging Strike
0-2: Fly out, F7 (Flyball, 7LS)
Batting: RHB Teddy Pelham 0-0: Foul Ball, location: 2F
0-1: Ball
1-1: Ball
2-1: Ball
3-1: SINGLE (Groundball, 6D)
Pitching: LHP Jim Unknown
Batting: RHB Marvin Collier 0-0: Called Strike
0-1: Foul Ball, location: 2F
0-2: Ball
1-2: Strikes out looking
Batting: RHB Carlos Santos 0-0: Called Strike
0-1: Ball
1-1: Ball
2-1: Swinging Strike
2-2: Ball
3-2: Strikes out swinging
Bottom of the 8th over - 0 run(s), 1 hit(s), 0 error(s), 1 left on base; Nortonville 0 - St. Petersburg 2
TOP OF THE 9TH
Nortonville Cherokees batting - Pitching for St. Petersburg Universe : RHP Reynaldo Díaz
Pitching: LHP Jesús Gonzáles
Batting: RHB Joel Lee 0-0: Ball
1-0: Called Strike
1-1: SINGLE (Groundball, 13) (infield hit)
Pinch Hitting: RHB César Garza 0-0: Ball
1-0: Called Strike
1-1: Swinging Strike
1-2: Ball
2-2: Fielders Choice at 2nd, 1-6 (Groundball, 15S)
Pinch Hitting: RHB Vern Ewing 0-0: Called Strike
0-1: Ball
1-1: Ball
2-1: Ball
3-1: Base on Balls
César Garza to second
Pinch Hitting: LHB Jim Unknown 0-0: Called Strike
0-1: SINGLE (Groundball, 5D)
César Garza to third
Vern Ewing to second
Runner from 3rd tries for Home, SAFE, throw made home
Vern Ewing to third
Jim Unknown to second
Batting: SHB Chris Cordell 0-0: Ball
1-0: Ball
2-0: Ball
3-0: Called Strike
3-1: Base on Balls
Batting: RHB Ernest Lee 0-0: Foul Ball, location: 2F
0-1: Ball
Wild Pitch!
Vern Ewing scores
Jim Unknown to third
Chris Cordell to second
1-1: Fly out, F8 (Flyball, 8RS)
Pitching: RHP Rubén Rodríguez
Batting: RHB Matt Nelson 0-0: Foul Ball, location: 2F
0-1: Foul Ball, location: 2F
0-2: Foul Ball, location: 2F
0-2: Ball
1-2: Ball
2-2: Foul Ball, location: 2F
2-2: Ball
3-2: Ground out 3-1 (Groundball, 34)
Top of the 9th over - 2 run(s), 2 hit(s), 0 error(s), 2 left on base; Nortonville 2 - St. Petersburg 2
BOTTOM OF THE 9TH
St. Petersburg Universe batting - Pitching for Nortonville Cherokees : LHP Jim Unknown
Pitching: RHP Jim Unknown
Now at 1B: César Garza
Now in LF: Jim Unknown
Now in RF: Jim Unknown
Pinch Hitting: RHB Daniel Cooper 0-0: Ball
1-0: Ball
2-0: Ball
3-0: Called Strike
3-1: Base on Balls
Pinch Hitting: RHB Jim Unknown 0-0: Sac Bunt - play at first, batter OUT! 2-4
Daniel Cooper to second
Pinch Hitting: RHB John Howell 0-0: Intentional Walk
Batting: LHB Michael Smith 0-0: Called Strike
0-1: Ball
1-1: Ball
2-1: Ball
3-1: Base on Balls
Daniel Cooper to third
John Howell to second
Batting: RHB Denis Taylor 0-0: Called Strike
0-1: Swinging Strike
0-2: Ball
1-2: Strikes out looking
Pinch Hitting: RHB Jim Unknown 0-0: Ball
1-0: Foul Ball, location: 2F
1-1: Fly out, F7 (Line Drive, 7M)
Bottom of the 9th over - 0 run(s), 0 hit(s), 0 error(s), 3 left on base; Nortonville 2 - St. Petersburg 2
TOP OF THE 10TH
Nortonville Cherokees batting - Pitching for St. Petersburg Universe : RHP Rubén Rodríguez
Now at C: Jim Unknown
Now at 1B: Daniel Cooper
Now at 3B: Jim Unknown
Now in LF: John Howell
Batting: RHB Jeff Bass 0-0: Called Strike
0-1: Ball
1-1: SINGLE (Groundball, 4MD)
Batting: LHB Jim Unknown 0-0: Ball
1-0: Called Strike
1-1: Ball
2-1: SINGLE (Line Drive, 9LM)
Jeff Bass to second
Runner from 2nd tries for 3rd, SAFE, throw made to third
Pinch Hitting: LHB Dudley Duncan 0-0: Ball
1-0: Foul Ball, location: 2F
1-1: Swinging Strike
1-2: Foul Ball, location: 2F
1-2: 3-RUN HOME RUN (Flyball, 9LD), Distance : 340 ft
Pitching: RHP Clarence Love
Batting: RHB César Garza 0-0: Foul Ball, location: 2F
0-1: Ball
1-1: Swinging Strike
1-2: SINGLE (Groundball, 4M)
Batting: RHB Jim Unknown 0-0: Ball
César Garza steals 2nd base
1-0: Swinging Strike
1-1: Called Strike
1-2: Foul Ball, location: 2F
1-2: Ground out 1-3 (Groundball, 15)
Batting: LHB Jim Unknown 0-0: Intentional Walk
Batting: SHB Chris Cordell 0-0: Called Strike
0-1: Ball
1-1: Ball
2-1: Called Strike
2-2: Ball
3-2: Fly out, F9 (Line Drive, 89M)
Batting: RHB Ernest Lee 0-0: Called Strike
0-1: Called Strike
0-2: Strikes out swinging
Top of the 10th over - 3 run(s), 4 hit(s), 0 error(s), 2 left on base; Nortonville 5 - St. Petersburg 2
BOTTOM OF THE 10TH
St. Petersburg Universe batting - Pitching for Nortonville Cherokees : RHP Jim Unknown
Now at C: Santiago Rigney
Batting: RHB Teddy Pelham 0-0: Swinging Strike
0-1: Ball
1-1: Ground out 5-3 (Groundball, 56)
Batting: RHB Marvin Collier 0-0: Foul Ball, location: 2F
0-1: Fly out, F9 (Flyball, 9M)
Batting: RHB Carlos Santos 0-0: Ball
1-0: Called Strike
1-1: Swinging Strike
1-2: Ball
2-2: Strikes out swinging
Bottom of the 10th over - 0 run(s), 0 hit(s), 0 error(s), 0 left on base; Nortonville 5 - St. Petersburg 2
This league is powered by Out of the Park Baseball, the baseball management simulation game for PC, Mac and Linux
Saturday, February 27th, 2021 - OOTP Baseball 15.6 Build 34